 Dungeon Crawl Stone Soup version 0.31-a0-844-gdc52ec4e09 (webtiles) character file.

Game seed: 13313752136346606387

39 Ethylacetat the Changeling (level 3, -1/18 HPs)
             Began as a Vine Stalker Shapeshifter on Sept 30, 2023.
             Slain by a goblin
             ... wielding a +0 dagger
             ... led by Robin
              (2 damage)
             ... on level 2 of the Dungeon.
             The game lasted 00:01:14 (734 turns).

Ethylacetat the Changeling (VSSh)                    Turns: 734, Time: 00:01:15

Health: -1/18      AC:  2    Str: 18    XL:     3   Next: 47%
Magic:  0/4        EV: 12    Int: 10    God:
Gold:   47         SH:  0    Dex: 13    Spells: 2/2 levels left

rFire   . .          .
                       - Unarmed
rCold   . . .        (no shield)
rNeg    . . .        a - +0 animal skin
rPois   .            (helmet currently unavailable)
rElec   .            (cloak currently unavailable)
rCorr   .            (gloves currently unavailable)
SInv    .            (boots currently unavailable)
Will    .....        (no amulet)
Stlth   +            i - ring of flight
HPRegen 1.03/turn    (no ring)
MPRegen 0.09/turn

%: guardian spirit
@: beast-form, flying
A: beast (slay +2), fangs 2, regeneration 1, magic shield, antimagic bite, no
potion heal 2
a: Begin Untransformation


You were on level 2 of the Dungeon.
You were a hulking beast.
You visited 1 branch of the dungeon, and saw 2 of its levels.

You collected 47 gold pieces.

Inventory:

Armour
 a - a +0 animal skin (worn)
Jewellery
 i - a ring of flight (left hand)
Talismans
 c - a beast talisman (active)
 d - a flux talisman
Scrolls
 e - 2 scrolls of identify {unknown}
 f - a scroll of teleportation {unknown}
 g - a scroll of enchant armour {unknown}
 h - a scroll of poison {unknown}
 j - a scroll of enchant weapon {unknown}
Potions
 b - a potion of lignification


   Skills:
 + Level 1.4 Fighting
 + Level 1.9 Dodging
 + Level 3.3 Unarmed Combat
 * Level 3.5 Shapeshifting


You had 2 spell levels left.
You didn't know any spells.
Your spell library was empty.

Dungeon Overview and Level Annotations

Branches:
Dungeon (2/15)

Altars:

Annotations:
D:2 Robin


Innate Abilities, Weirdness & Mutations

You are a hulking beast.
Your limbs bulge with bestial killing power. (Slay +2)
You have extremely sharp teeth.
Your natural rate of healing is unusually fast.
When hurt, damage is shared between your health and your magic reserves.
Your bite disrupts and absorbs the magic of your enemies.
Potions cannot restore your health.


Message History

Found a scroll labelled SIOW LETYDD.
You hit the hobgoblin. Your bite misses the hobgoblin.
The hobgoblin is severely wounded.
The hobgoblin closely misses you. Robin throws the goblin at you!
The teleport trap disappears.
The goblin disappears!
A hobgoblin comes into view.
The hobgoblin attacks as it pursues you!
The hobgoblin barely misses you.
You closely miss the hobgoblin. Your bite misses the hobgoblin.
The hobgoblin is severely wounded.
Robin throws the goblin at you!
The hobgoblin attacks as it pursues you!
The hobgoblin hits you. The goblin attacks as it pursues you!
The goblin hits you with a +0 dagger. Robin throws the goblin at you!
The goblin misses you. The goblin attacks as it pursues you!
The goblin misses you. The goblin hits you with a +0 dagger.
The goblin attacks as it pursues you! The goblin hits you but does no damage.
The goblin attacks as it pursues you! The goblin hits you with a +0 dagger.
Robin throws the goblin at you! The goblin closely misses you.
The goblin attacks as it pursues you! The goblin hits you with a +0 dagger.
You closely miss the goblin. You bite the goblin. You drain its power.
You feel invigorated.
The goblin is moderately wounded.
The goblin closely misses you. The goblin hits you with a +0 dagger.
* * * LOW HITPOINT WARNING * * *
You barely miss the goblin. You bite the goblin.
You kill the goblin!
Robin throws the goblin at you! The goblin hits you with a +0 dagger.
* * * LOW HITPOINT WARNING * * *
The goblin hits you but does no damage.
The hobgoblin attacks as it pursues you!
The hobgoblin closely misses you. The goblin misses you.
There is a stone staircase leading up here.
You see here a +0 dagger.
The goblin no longer looks unusually strong.
Robin throws the goblin at you! The goblin hits you with a +0 dagger.
* * * LOW HITPOINT WARNING * * *
The hobgoblin closely misses you. The goblin hits you with a +0 dagger.
You die...

.### #.# .# ..
..... #.# .##(
.....g###.# ...
..g..g'...#
#####.)#
?...g.##..###
#..<#..# ##..g
#.g..####.###..#
###
##.ggg..#......#
#####..####.###.##
#.gghg.........
##[#g.####.###.
#.##.>..# #
#......## ########


You could see Robin, 3 hobgoblins and 4 goblins.

Vanquished Creatures
  A dart slug (D:1)
  2 ball pythons (D:1)
  6 endoplasms (D:1)
  2 giant cockroaches (D:1)
  4 goblins
  3 hobgoblins (D:1)
  4 jackals (D:1)
  4 bats (D:1)
  4 frilled lizards (D:1)
  A rat (D:1)
31 creatures vanquished.

Notes
Turn   | Place    | Note
-------+----------+-------------------------------------------
     0 | D:1      | Ethylacetat the Vine Stalker Shapeshifter began the quest
                  | for the Orb.
     0 | D:1      | Reached XP level 1. HP: 9/9 MP: 2/2
    49 | D:1      | Reached skill level 1 in Fighting
    89 | D:1      | Reached XP level 2. HP: 14/14 MP: 3/3
   309 | D:1      | Reached XP level 3. HP: 15/18 MP: 4/4
   720 | D:2      | Noticed Robin
   734 | D:2      | Slain by a goblin

Illustrated notes

Levels and vault maps discovered:
D:1:      erik_arrival_orb_chamber, layout_loops_cross,
          minmay_large_rounded_square, minmay_misc_feat_secret_circle
D:2:      layout_basic, kennysheep_flooded_box, uniq_jessica, uniq_robin

Skill      XL: |  1 |
---------------+----+-----
Fighting       | 1 |  1.4
Dodging        | |  1.9
Unarmed Combat | |  3.3
Shapeshifting  | |  3.5

Action                     || total
---------------------------++-------
  Melee: Unarmed           ||    65
         Bite              ||    13
         Punch             ||     1
   Stab: Sleeping          ||     3
 Armour: Animal skin       ||    36
  Dodge: Dodged            ||    52

Table legend: (Time is in decaauts)
 A = Elapsed time spent in this place.
 B = Non-inter-level travel time spent in this place.
 C = Inter-level travel time spent in this place.
 D = Time resting spent in this place.
 E = Time spent auto-exploring this place.
 F = Levels seen in this place.
 G = Mean time per level.
                   A        B        C        D        E       F      G
               +--------+--------+--------+--------+--------+-----+--------+
         Total |    730 |    723 |      7 |      0 |    561 |   2 |  365.0 |
       Dungeon |    730 |    723 |      7 |      0 |    561 |   2 |  365.0 |
               +--------+--------+--------+--------+--------+-----+--------+

Top non-repeatable levels by time:
     D:1: 688 daAuts
     D:2: 41 daAuts
